 Dungeon Crawl Stone Soup version 0.28.0-45-g0d030f2227 (webtiles) character file.

Game seed: 310813339964319254

65968 Fartwhistle the Arsonist (level 14, -1/124 HPs)
             Began as a Demigod Fire Elementalist on Apr 13, 2022.
             Shot with an arrow by Nessos (3 damage)
             ... on level 13 of the Dungeon on Apr 14, 2022.
             The game lasted 02:18:02 (29562 turns).

Fartwhistle the Arsonist (DgFE)                    Turns: 29562, Time: 02:18:04

Health: -1/124     AC: 10    Str: 15    XL:     14   Next: 38%
Magic:  2/32       EV: 14    Int: 37    God:
Gold:   1433       SH:  5    Dex: 14    Spells: 21/33 levels left

rFire   + . .      SeeInvis .   K - +2 short sword (protect)
rCold   + + .      Faith    .   (no shield)
rNeg    . . .      Spirit   .   y - +3 leather armour "Lukaptaciewk" {rPois Regen+ Int+4 Slay-2}
rPois   +          Reflect  +   m - +0 helmet
rElec   .          Harm     .   L - scarf {rC+ rF+}
rCorr   .          Rampage  .   (no gloves)
Will    +....                   M - +2 pair of boots
Stlth   ++........              k - amulet of reflection
HPRegen 1.10/turn               D - ring of protection from cold
MPRegen 0.23/turn               z - +6 ring of strength

@: no status effects
A: high MP 1, forlorn, divine attributes
a: no special abilities


You were on level 13 of the Dungeon.
You visited 3 branches of the dungeon, and saw 19 of its levels.
You also visited: Sewer.

You collected 1433 gold pieces.

Inventory:

Hand Weapons
 B - a +2 hunting sling of flaming
 K - a +2 short sword of protection (weapon)
Missiles
 I - 3 throwing nets
Armour
 a - a +0 robe
 g - a scarf of invisibility
 m - a +0 helmet (worn)
 y - the +3 leather armour "Lukaptaciewk" (worn) {rPois Regen+ Int+4 Slay-2}
   (You found it on level 3 of the Dungeon)

   Int:       It affects your intelligence (+4).
   Slay:      It affects your accuracy & damage with ranged weapons and melee
   (-2).
   rPois:     It protects you from poison.
   Regen:     It increases your rate of health regeneration.
 L - a scarf of resistance (worn)
 M - a +2 pair of boots (worn)
 R - a +0 troll leather armour
 X - a +2 scale mail of willpower
Magical Staves
 t - a staff of earth
 U - a staff of air
Jewellery
 k - an amulet of reflection (around neck)
 z - a +6 ring of strength (right hand)
 D - a ring of protection from cold (left hand)
 N - a ring of wizardry
 O - a ring of resist corrosion
Wands
 p - a wand of iceblast (5)
 F - a wand of polymorph (14)
 H - a wand of flame (14)
 S - a wand of digging (1)
 V - a wand of paralysis (11)
 Y - a wand of acid (5)
Scrolls
 c - a scroll of fear
 f - a scroll of magic mapping
 j - 3 scrolls of enchant weapon
 o - 2 scrolls of teleportation
 q - 6 scrolls of immolation
 r - a scroll of silence
 s - 2 scrolls of brand weapon {unknown}
 u - 3 scrolls of noise {unknown}
 w - 3 scrolls of blinking
 x - 4 scrolls of fog
 C - 2 scrolls of vulnerability {unknown}
 E - 5 scrolls of amnesia {unknown}
 G - a scroll of enchant armour
 T - a scroll of holy word
Potions
 b - 8 potions of curing
 d - 4 potions of haste
 e - 2 potions of heal wounds
 h - 8 potions of might
 i - 7 potions of attraction
 l - 3 potions of mutation {unknown}
 n - a potion of magic
 v - 3 potions of ambrosia
 A - 3 potions of brilliance {unknown}
 J - a potion of cancellation
 P - a potion of invisibility
 Q - 2 potions of lignification {unknown}
Miscellaneous
 Z - a piece from Xom's chessboard (15/15)


   Skills:
 + Level 11.4 Fighting
 - Level 2.0 Armour
 + Level 6.2 Dodging
 - Level 1.7 Stealth
 + Level 10.0 Spellcasting
 - Level 11.4 Conjurations
 - Level 2.0 Translocations
 * Level 12.5 Fire Magic
 - Level 2.0 Evocations


You had 21 spell levels left.
You knew the following spells:

 Your Spells              Type           Power      Damage    Failure   Level
a - Foxfire               Conj/Fire      100%       2x1d9     1%          1
b - Conjure Flame         Conj/Fire      82%        6-21      1%          3
c - Scorch                Fire           100%       2d10      1%          2
d - Blink                 Tloc           66%        N/A       1%          2
e - Flame Wave            Conj/Fire      82%        2d14      1%          4

Your spell library contained the following spells:

 Spells                   Type           Power      Damage    Failure   Level
 Apportation              Tloc           66%        N/A       1%          1
 Inner Flame              Hex/Fire       60%        N/A       1%          3
 Beastly Appendage        Tmut           36%        N/A       2%          1
 Lesser Beckoning         Tloc           33%        N/A       3%          3
 Corpse Rot               Necr/Air       36%        N/A       4%          2
 Ensorcelled Hibernation  Hex/Ice        36%        N/A       4%          2
 Wereblood                Tmut           18%        N/A       4%          2
 Spider Form              Tmut/Pois      18%        N/A       8%          3
 Tukima's Dance           Hex            18%        N/A       8%          3
 Anguish                  Hex/Necr       9%         N/A       26%         4
 Dispel Undead            Necr           18%        3d11      26%         4
 Olgreb's Toxic Radiance  Pois           18%        N/A       26%         4
 Manifold Assault         Tloc           33%        N/A       32%         5
 Alistair's Intoxication  Tmut/Pois      12%        N/A       58%         5
 Ignition                 Fire           42%        3d12      69%         8
 Dispersal                Tloc           16%        N/A       87%         6
 Death Channel            Necr           9%         N/A       99%         6
 Enfeeble                 Hex            9%         N/A       100%        7
 Ozocubu's Refrigeration  Ice            9%         4d6       100%        7
 Disjunction              Tloc           16%        N/A       100%        8


Dungeon Overview and Level Annotations

Branches:
Dungeon (13/15)            Temple (1/1) D:5            Lair (5/6) D:11
  Swamp (0/4) Lair:4       Spider (0/4) Lair:2          Orc (0/2) D:12
  Sewer (visited)
  Slime: Lair:5-6    Vaults: D:13-14

Shops:
D:12 *

Annotations:
D:7 2 transporters, Hyawatha's ghost, novice MiWz
D:12 exclusion: ice statue
D:13 Nessos
Lair:5 1 runed translucent door, MisterFreud's ghost, journeyman GnDe


Innate Abilities, Weirdness & Mutations

You have an increased reservoir of magic. (+10% MP)
You shall have no god before yourself.
Your divine heritage dramatically boosts your attributes as you level up.


Message History

Nessos shoots an arrow.
The arrow hits you!! The arrow burns you.
Nessos shoots an arrow.
The arrow hits you!!
* * * LOW HITPOINT WARNING * * *
The arrow burns you.
* * * LOW HITPOINT WARNING * * *
Casting: Foxfire (safe; 1% risk of failure)
Confirm with . or Enter, or press ? or * to list all spells.
You don't know that spell.
Unknown command.
Okay, then.
Aiming: Iceblast
Press: ? - help, Shift-Dir - straight line Really fire at your foxfire?
The mass of ice explodes!
The iceblast engulfs your foxfire!
Your foxfire is heavily damaged.
The iceblast engulfs your foxfire!
Your foxfire is severely damaged.
The iceblast engulfs Nessos!
Nessos is severely wounded.
The foxfire hits Nessos but does no damage.
Nessos is severely wounded.
The foxfire hits Nessos but does no damage.
Nessos is severely wounded.
Nessos shoots an arrow.
The arrow closely misses you.
Nessos intently looks at you, slowly moving their tail.
Nessos shoots an arrow.
The arrow hits you!
* * * LOW HITPOINT WARNING * * *
The arrow burns you.
* * * LOW HITPOINT WARNING * * *
You feel better.
Nessos shoots an arrow.
The arrow hits you!
* * * LOW HITPOINT WARNING * * *
Nessos shoots an arrow.
The arrow closely misses you.
Aiming: Iceblast
Press: ? - help, Shift-Dir - straight line The mass of ice explodes!
The iceblast engulfs Nessos!
Nessos is severely wounded.
Nessos shoots an arrow.
The arrow hits you!!
* * * LOW HITPOINT WARNING * * *
The arrow burns you.
You die...

#......# #.#
#......# #o#
#..).c.# #o#
#....).# #.#
#......#######o####
#......'..)........
#......#######.####
#......# #.o.#
#.@....# ###.#
#......# #o#
##+##### #o#
#.##### #o# #.§.§c#
#.## #####)# #..#
#'# ##.# ...
#####'# ....#
#.....#


You could see Nessos (fast, combustible).

Vanquished Creatures
  Harold (Lair:1)
  7 hydras
  4 two-headed ogres
  Erica (D:11)
  15 death yaks
  Urug (Lair:3)
  Nergalle (D:11)
  Sonja (Lair:3)
  2 bog bodies (Lair:4)
  2 lindwurms
  2 deep elf pyromancers
  2 cyclopes
  An ugly thing (D:12)
  7 black mambas
  3 gargoyles (D:13)
  8 cane toads
  A torpor snail (Lair:4)
  A rime drake (Lair:4)
  8 komodo dragons
  2 ice devils (Lair:2)
  4 trolls
  A polar bear (Lair:5)
  3 blink frogs (Lair:2)
  7 dream sheep
  A jumping spider (Lair:2)
  A meliai zombie (D:11)
  A culicivora (Lair:2)
  3 wyverns
  39 yaks
  A vampire (D:10)
  6 basilisks
  5 vampire mosquitoes
  A redback (Lair:2)
  Menkaure (D:6)
  3 steam dragons
  An acid dragon (D:10)
  15 water moccasins
  2 sky beasts
  11 orc warriors
  3 ice beasts
  A swamp drake (D:12)
  3 black bears
  3 ogres
  7 wolves
  11 centaurs
  Blork the orc (D:6)
  A kobold brigand (D:8)
  10 bullfrogs
  A gnoll sergeant (D:7)
  2 scorpions (D:5)
  3 killer bees (D:7)
  3 electric eels
  6 centaur zombies
  6 hounds
  A bullfrog skeleton (D:5)
  13 orc priests
  A centaur skeleton (D:5)
  7 iguanas
  9 orc wizards
  6 hell rats (Lair:3)
  Robin (D:2)
  7 gnolls
  12 adders
  4 river rats (Sewer)
  A shadow imp (D:6)
  A white imp (D:7)
  A worm (D:2)
  A dart slug (D:3)
  46 orcs
  A bat (D:1)
  7 endoplasms
  5 giant cockroaches
  15 goblins
  6 hobgoblins
  4 jackals
  4 quokkas
  16 ball pythons
  6 frilled lizards
  8 kobolds
  22 rats
442 creatures vanquished.

Vanquished Creatures (collateral kills)
  21 foxfires
21 creatures vanquished.

Vanquished Creatures (others)
  1853 foxfires
  33 fungi
  78 plants
1964 creatures vanquished.

Grand Total: 2427 creatures vanquished

Notes
Turn   | Place    | Note
-------+----------+-------------------------------------------
     0 | D:1      | Fartwhistle the Demigod Fire Elementalist began the quest
                  | for the Orb.
     0 | D:1      | Reached XP level 1. HP: 14/14 MP: 5/5
   136 | D:1      | Reached skill level 1 in Conjurations
   448 | D:1      | Reached XP level 2. HP: 20/20 MP: 4/7
  1657 | D:2      | Reached skill level 3 in Fire Magic
  1847 | D:2      | Reached XP level 3. HP: 26/26 MP: 3/8
  1848 | D:2      | Noticed Robin
  2070 | D:2      | Learned a level 3 spell: Conjure Flame
  2078 | D:2      | Killed Robin
  2082 | D:2      | Reached skill level 1 in Evocations
  3143 | D:2      | Reached XP level 4. HP: 34/34 MP: 3/9
  3482 | D:3      | Reached skill level 1 in Fighting
  3598 | D:3      | Found a glowing drain.
  3663 | Sewer    | Entered a sewer
  3750 | Sewer    | Reached XP level 5. HP: 40/40 MP: 7/10
  3763 | Sewer    | Learned a level 2 spell: Scorch
  4401 | Sewer    | Reached skill level 4 in Fire Magic
  4403 | Sewer    | Reached XP level 6. HP: 14/48 MP: 3/12
  4879 | D:3      | Identified the +3 leather armour "Lukaptaciewk" {rPois
                  | Regen+ Int+4 Slay-2}
  5222 | D:3      | Reached skill level 1 in Armour
  6037 | D:4      | You fall into a shaft and drop 3 floors!
  6046 | D:5      | Entered Level 5 of the Dungeon
  6052 | D:5      | Found a staircase to the Ecumenical Temple.
  6067 | Temple   | Entered the Ecumenical Temple
  6396 | Temple   | Reached XP level 7. HP: 56/56 MP: 7/14
  6703 | D:4      | Learned a level 2 spell: Blink
  6717 | D:4      | Learned a level 4 spell: Flame Wave
  7230 | D:5      | Reached skill level 5 in Fire Magic
  7669 | D:6      | Reached skill level 1 in Translocations
  7703 | D:6      | Reached XP level 8. HP: 64/64 MP: 10/16
  8107 | D:6      | Noticed Blork the orc
  8126 | D:6      | Noticed Menkaure
  8163 | D:6      | Killed Menkaure
  8166 | D:6      | Killed Blork the orc
  9624 | D:7      | Noticed Hyawatha's ghost (novice MiWz)
  9625 | D:7      | Noticed a moth of wrath
  9640 | D:7      | Found a transporter.
  9727 | D:7      | Found a transporter.
 10241 | D:7      | Reached XP level 9. HP: 59/72 MP: 12/19
 10550 | D:8      | Reached skill level 6 in Fire Magic
 10569 | D:8      | Reached skill level 5 in Conjurations
 10690 | D:7      | Reached skill level 5 in Fighting
 10824 | D:8      | Reached skill level 5 in Spellcasting
 12366 | D:9      | Reached skill level 5 in Dodging
 13115 | D:10     | Entered Level 10 of the Dungeon
 13247 | D:10     | Reached XP level 10. HP: 79/83 MP: 4/22
 13375 | D:10     | Reached skill level 7 in Fire Magic
 13437 | D:10     | Noticed a two-headed ogre
 13460 | D:10     | Killed a two-headed ogre
 14615 | D:11     | Noticed a cyclops
 14635 | D:11     | Killed a cyclops
 15305 | D:11     | Noticed Erica
 15313 | D:11     | Killed Erica
 15314 | D:11     | Reached skill level 8 in Fire Magic
 15314 | D:11     | Reached XP level 11. HP: 92/92 MP: 16/25
 15473 | D:11     | Noticed Nergalle
 15994 | D:11     | Killed Nergalle
 16284 | D:11     | Noticed a two-headed ogre
 16498 | D:11     | Found a staircase to the Lair.
 16945 | Lair:1   | Entered Level 1 of the Lair of Beasts
 16945 | Lair:1   | Noticed Harold
 16958 | Lair:1   | Killed Harold
 17669 | Lair:1   | Noticed a six-headed hydra
 17683 | Lair:1   | Killed a six-headed hydra
 17974 | Lair:2   | Reached skill level 9 in Fire Magic
 18648 | Lair:2   | Found a hole to the Spider Nest.
 19320 | Lair:3   | Noticed a lindwurm
 19629 | Lair:3   | Reached XP level 12. HP: 71/103 MP: 14/28
 19921 | Lair:3   | Noticed a six-headed hydra
 19942 | Lair:3   | Killed a six-headed hydra
 20475 | Lair:3   | Reached skill level 10 in Fire Magic
 20475 | Lair:3   | Reached XP level 13. HP: 108/108 MP: 28/30
 20478 | Lair:3   | Noticed Sonja
 20483 | Lair:3   | Killed Sonja
 21197 | Lair:3   | Reached skill level 10 in Conjurations
 21337 | Lair:4   | Noticed Urug
 21473 | Lair:4   | HP: 5/113 [Urug/iceblast (10)]
 21515 | Lair:4   | Reached skill level 10 in Fighting
 21842 | Lair:3   | Killed Urug
 22216 | Lair:4   | Found a staircase to the Swamp.
 23278 | Lair:5   | Reached skill level 11 in Fire Magic
 23665 | Lair:5   | Reached skill level 10 in Spellcasting
 24363 | Lair:5   | Found a runed translucent door.
 24363 | Lair:5   | Noticed MisterFreud's ghost (journeyman GnDe)
 24460 | Lair:4   | Reached XP level 14. HP: 84/122 MP: 10/32
 26136 | Lair:4   | Reached skill level 12 in Fire Magic
 27778 | D:12     | Found a staircase to the Orcish Mines.
 27840 | D:12     | Found Jyutaet's Assorted Antiques.
 29529 | D:13     | Noticed Nessos
 29562 | D:13     | HP: 2/124 [Nessos/arrow (18)]
 29562 | D:13     | Shot with an arrow by Nessos

Illustrated notes

Levels and vault maps discovered:
D:1:      dpeg_arrival_rooms_with_view, layout_basic
D:2:      layout_basic, hellmonk_ecumenical_altar_blasted, minivault_25,
          uniq_robin
D:3:      layout_basic, portal_sewer_entry_f
D:4:      layout_cave_pools, kennysheep_another_room, nrook_mini_backslash,
          st_stairs_7
D:5:      layout_rooms, minmay_temple_entry_glassed_door, serial_bayou,
          serial_bayou_lake_a, serial_bayou_shore_a, serial_bayou_pond_a,
          serial_bayou_pond_e, serial_bayou_lagoon_b, serial_bayou_lagoon_a
D:6:      layout_layer_cave, grunt_ministairs_5, chequers_mini_garden,
          uniq_menkaure, uniq_blork_the_orc
D:7:      layout_gridville, gammafunk_ghost_wrathful_warriors, minivault_26
D:8:      layout_rooms, hangedman_decor_lopped
D:9:      layout_layer_cave, minmay_statues_item, minmay_misc_feat_tower,
          kennysheep_cluttered_room
D:10:     layout_loops_ring, mainiacjoe_overflow_catwalk
D:11:     layout_roguey, erik_lair_dragon, nicolae_two_hexagons,
          kennysheep_generic_room_13, uniq_nergalle, uniq_erica
D:12:     lemuel_ice_statue, layout_rooms, erik_orc_1, serial_bayou,
          serial_bayou_pond_d, serial_bayou_ford_a, serial_bayou_crossing,
          serial_bayou_pond_c, serial_bayou_pond_e, serial_shops, shop
D:13:     layout_roguey [special_room_orc], uniq_azrael, uniq_nessos
Temple:   nicolae_temple_the_god_donut
Lair:1:   layout_chaotic_city, infiniplex_staircase_pool_2, uniq_harold
Lair:2:   layout_chaotic_city, spider_nest_entry_funnel_web, serial_rivers,
          chequers_serial_rivers_micro_b, chequers_serial_rivers_room_a,
          chequers_serial_rivers_micro_b, chequers_serial_rivers_micro_c,
          portal_ice_cave_demonic_guard, columned_hall_lemuel
Lair:3:   nzn_winding_woodlands_stair_trap [nzn_winding_woodlands_5x15_eye,
          nzn_winding_woodlands_5x15_pathside_ponds,
          nzn_winding_woodlands_5x15_twine,
          nzn_winding_woodlands_15x15_boxy_spiral,
          nzn_winding_woodlands_5x15_river_crossing,
          nzn_winding_woodlands_5x15_zeroes,
          nzn_winding_woodlands_5x15_sawtooth], layout_gridlike, st_stairs_12,
          uniq_sonja
Lair:4:   layout_small_grid, skrybe_swamp_entry_bodies,
          chequers_serial_rivers_micro_e, uniq_urug
Lair:5:   layout_gridlike, ebering_ghost_inner_flame, grunt_megastairs_5

Skill      XL: |  1  2  3  4  5  6  7  8  9 10 11 12 13 14 |
---------------+-------------------------------------------+-----
Conjurations   | 1 2 3 4 6 7 8 9 10 11 | 11.4
Dodging        | 2 3 4 5 6 |  6.2
Spellcasting   | 2 3 4 5 6 8 9 10 | 10.0
Fire Magic     | 3 4 5 6 8 9 10 11 12 | 12.5
Evocations     | 1 2 |  2.0
Fighting       | 1 2 3 4 5 7 8 9 10 11 | 11.4
Armour         | 2 |  2.0
Translocations | 1 2 |  2.0
Stealth        | |  1.7

Action                   |  1- 3 |  4- 6 |  7- 9 | 10-12 | 13-15 || total
-------------------------+-------+-------+-------+-------+-------++-------
Melee: Unarmed           |     2 |       |       |       |       ||     2
       Short sword       |       |       |     3 |     1 |     9 ||    13
 Cast: Foxfire           |   110 |   133 |   272 |   258 |   363 ||  1136
       Conjure Flame     |     1 |       |     8 |    26 |    36 ||    71
       Scorch            |       |    11 |    32 |   134 |   313 ||   490
       Flame Wave        |       |       |     8 |    16 |    23 ||    47
       Blink             |       |       |       |     6 |     6 ||    12
Evoke: Wand              |       |       |     2 |     3 |     6 ||    11
  Use: Scroll            |       |     5 |     3 |     8 |    11 ||    27
       Potion            |       |       |       |     3 |     3 ||     6
Armor: Robe              |     4 |     5 |       |       |       ||     9
       Leather armour    |       |     6 |    43 |    54 |    88 ||   191
Dodge: Dodged            |    21 |    13 |    68 |   132 |   160 ||   394
Block: Other             |       |     8 |    26 |    46 |    55 ||   135
       Reflection        |       |     5 |     2 |       |    11 ||    18
